AoeStats
← Wodam

Arabia

505190590Analyzed
1v1 RM · 24d ago on Sep 8, 2026· 27m 38s· 2 players
Game mode
Random Map
Map size
Tiny (2 player)
Population
200
Speed
Normal
Resources
Standard
Victory
Conquest
Starting age
Dark Age
Ending age
Imperial Age
RankedLock teamsTeams togetherTeam positionsShared explorationLock speedFull tech treeHidden civsTurbo modeCheats
Victory
Defeat
🇩🇪 Mongols · Germany
1110
+18
🇫🇷 Mongols · France
1145
-18
Wodam
6:07 Loom
8:39 Feudal Age
11:44 Double-Bit Axe
19:35 Castle Age
18:24 Bloodlines
18:25 Fletching
20:27 Bow Saw
21:57 Bodkin Arrow
Balian Du 37
8:21 Loom
10:47 Feudal Age
12:50 Horse Collar
15:14 Double-Bit Axe
20:50 Castle Age
19:14 Gold Mining
21:19 Wheelbarrow
20:30 Town Watch
21:10 Fletching
21:34 Bloodlines
21:55 Bow Saw
22:35 Husbandry
22:43 Elite Skirmisher
Connection lost

Rejoining the realm…

Still unreachable

The connection could not be restored.

Session expired

The server has moved on; the page needs a fresh start.